NCAA
ILLINOIS FIGHTING ILLINI @ OKLAHOMA STATE COWBOYS
04/30/2027
 
TOP OF THE 1ST
Illinois Fighting Illini batting - Pitching for Oklahoma State Cowboys : RHP Landon Bailey
Pitching: RHP Landon Bailey
Batting: SHB Shannon Cline 0-0: Ball
1-0: Called Strike
1-1: Ball
2-1: Called Strike
2-2: Ground out 1-3 (Groundball, P)
Batting: RHB Jon Foster 0-0: Ground out 5-3 (Groundball, 5)
Batting: RHB Benoît Vigneault 0-0: Ground out 2-3 (Groundball, 2R)
Top of the 1st over - 0 run(s), 0 hit(s), 0 error(s), 0 left on base; Illinois 0 - Oklahoma State 0
BOTTOM OF THE 1ST
Oklahoma State Cowboys batting - Pitching for Illinois Fighting Illini : LHP José Vera
Pitching: LHP José Vera
Batting: RHB Larry Young 0-0: Ball
1-0: Ball
2-0: Fly out, F4 (Popup, 3D)
Batting: LHB César Colón 0-0: Foul Ball, location: 2F
0-1: Ball
1-1: Foul Ball, location: 2F
1-2: Ball
2-2: Ball
3-2: Foul Ball, location: 2F
3-2: Base on Balls
Batting: RHB John Lynch 0-0: Ball
1-0: Ball
2-0: Ball
3-0: Called Strike
3-1: Called Strike
3-2: SINGLE (Groundball, 34D)
César Colón to second
César Colón to third
Batting: LHB Bill Bryan 0-0: Ball
1-0: Ball
2-0: Foul Ball, location: 2F
2-1: Ball
3-1: Foul Ball, location: 2F
3-2: Foul Ball, location: 2F
3-2: Base on Balls
John Lynch to second
Batting: RHB Augusto Padilla 0-0: Ball
1-0: Foul Ball, location: 2F
1-1: Called Strike
1-2: Fly out, F9 (Flyball, 9S)
Batting: LHB Cristián Rodríguez 0-0: Called Strike
0-1: Ball
1-1: Ground out 5-3 (Groundball, 5S)
Bottom of the 1st over - 0 run(s), 1 hit(s), 0 error(s), 3 left on base; Illinois 0 - Oklahoma State 0
TOP OF THE 2ND
Illinois Fighting Illini batting - Pitching for Oklahoma State Cowboys : RHP Landon Bailey
Batting: LHB John Miller 0-0: Foul Ball, location: 2F
0-1: Ball
1-1: Foul Ball, location: 2F
1-2: Strikes out swinging
Batting: RHB Jesús Vélez 0-0: Called Strike
0-1: Swinging Strike
0-2: Ball
1-2: Ball
2-2: Strikes out swinging
Batting: RHB Ryan Draper 0-0: Ball
1-0: Ball
2-0: Foul Ball, location: 2F
2-1: Foul Ball, location: 2F
2-2: Ball
3-2: Base on Balls
Batting: RHB Fernando Núñez 0-0: Called Strike
0-1: Called Strike
0-2: Fielders Choice at 2nd, 6-4 (Groundball, 6)
Top of the 2nd over - 0 run(s), 0 hit(s), 0 error(s), 0 left on base; Illinois 0 - Oklahoma State 0
BOTTOM OF THE 2ND
Oklahoma State Cowboys batting - Pitching for Illinois Fighting Illini : LHP José Vera
Batting: SHB Ernest Hood 0-0: Called Strike
0-1: Called Strike
0-2: Strikes out swinging
Batting: LHB Horace Kramer 0-0: Ball
1-0: Called Strike
1-1: Ball
2-1: Fly out, F7 (Flyball, 78M)
Batting: RHB Burt Sharp 0-0: Ball
1-0: Ground out 4-3 (Groundball, 4)
Bottom of the 2nd over - 0 run(s), 0 hit(s), 0 error(s), 0 left on base; Illinois 0 - Oklahoma State 0
TOP OF THE 3RD
Illinois Fighting Illini batting - Pitching for Oklahoma State Cowboys : RHP Landon Bailey
Batting: RHB Alfonso Reyes 0-0: Ball
1-0: Foul Ball, location: 2F
1-1: Fly out, F7 (Flyball, 7LS)
Batting: RHB Alonso Durán 0-0: Ball
1-0: Ball
2-0: Called Strike
2-1: SINGLE (Groundball, 4MD)
Batting: SHB Shannon Cline 0-0: Foul Ball, location: 2F
0-1: Foul Ball, location: 2F
0-2: Ball
1-2: Ball
2-2: Strikes out swinging
Batting: RHB Jon Foster 0-0: Foul Ball, location: 2F
0-1: Ball
1-1: Ball
2-1: Fielders Choice at 2nd, 4-6 (Groundball, 34)
Top of the 3rd over - 0 run(s), 1 hit(s), 0 error(s), 0 left on base; Illinois 0 - Oklahoma State 0
BOTTOM OF THE 3RD
Oklahoma State Cowboys batting - Pitching for Illinois Fighting Illini : LHP José Vera
Batting: RHB Larry Young 0-0: Called Strike
0-1: Hit by Pitch
Batting: LHB César Colón 0-0: Ball
1-0: Swinging Strike
1-1: Sac Bunt - play at first, batter OUT! 1-3
Larry Young to second
Batting: RHB John Lynch 0-0: Ball
1-0: Called Strike
1-1: Called Strike
1-2: Ball
2-2: Foul Ball, location: 2F
2-2: Ball
3-2: Base on Balls
Batting: LHB Bill Bryan 0-0: Ball
1-0: Foul Ball, location: 2F
1-1: Ball
2-1: Swinging Strike
2-2: Foul Ball, location: 2F
2-2: Ball
3-2: Fly out, F8 (Flyball, 8LS)
Batting: RHB Augusto Padilla 0-0: Fielders Choice at 2nd, 6-4 (Groundball, 6)
Bottom of the 3rd over - 0 run(s), 0 hit(s), 0 error(s), 1 left on base; Illinois 0 - Oklahoma State 0
TOP OF THE 4TH
Illinois Fighting Illini batting - Pitching for Oklahoma State Cowboys : RHP Landon Bailey
Batting: RHB Benoît Vigneault 0-0: Called Strike
0-1: SINGLE (Line Drive, 7S)
Batting: LHB John Miller 0-0: Ball
1-0: Ball
2-0: Ball
3-0: Called Strike
3-1: SINGLE (Line Drive, 8LS)
Benoît Vigneault to second
Batting: RHB Jesús Vélez 0-0: Ball
1-0: Ball
2-0: Ball
3-0: Base on Balls
Benoît Vigneault to third
John Miller to second
Batting: RHB Ryan Draper 0-0: Fly out, F3 (Popup, 3D)
Batting: RHB Fernando Núñez 0-0: Ball
1-0: Called Strike
1-1: Ball
2-1: Ball
3-1: Called Strike
3-2: Fly out, F9 (Line Drive, 89M)
Runner from 3rd tags up, SCORES, throw made
Batting: RHB Alfonso Reyes 0-0: Called Strike
0-1: Foul Ball, location: 2F
0-2: Strikes out swinging
Top of the 4th over - 1 run(s), 2 hit(s), 0 error(s), 2 left on base; Illinois 1 - Oklahoma State 0
BOTTOM OF THE 4TH
Oklahoma State Cowboys batting - Pitching for Illinois Fighting Illini : LHP José Vera
Batting: LHB Cristián Rodríguez 0-0: Ball
1-0: Ball
2-0: Ball
3-0: Called Strike
3-1: Called Strike
3-2: Foul Ball, location: 2F
3-2: Strikes out swinging
Batting: SHB Ernest Hood 0-0: Ball
1-0: Swinging Strike
1-1: Swinging Strike
1-2: Foul Ball, location: 2F
1-2: Foul Ball, location: 2F
1-2: Ball
2-2: Ball
3-2: Base on Balls
Batting: LHB Horace Kramer 0-0: Ball
1-0: Ball
Ernest Hood steals 2nd base
2-0: 2-RUN HOME RUN (Flyball, 89XD), Distance : 362 ft
Batting: RHB Burt Sharp 0-0: Ball
1-0: Ball
2-0: Ball
3-0: Called Strike
3-1: Base on Balls
Pitching: RHP Jim Dudley
Batting: RHB Larry Young 0-0: Ball
1-0: Ball
Burt Sharp steals 2nd base
2-0: Fly out, F7 (Flyball, 7)
Batting: LHB César Colón 0-0: Ball
1-0: Foul Ball, location: 2F
1-1: Ball
2-1: Swinging Strike
2-2: Ball
3-2: Base on Balls
Batting: RHB John Lynch 0-0: Called Strike
0-1: Foul Ball, location: 2F
0-2: Fly out, F9 (Flyball, 9S)
Bottom of the 4th over - 2 run(s), 1 hit(s), 0 error(s), 2 left on base; Illinois 1 - Oklahoma State 2
TOP OF THE 5TH
Illinois Fighting Illini batting - Pitching for Oklahoma State Cowboys : RHP Landon Bailey
Batting: RHB Alonso Durán 0-0: DOUBLE (Flyball, 89M)
Batting: SHB Shannon Cline 0-0: Ball
1-0: Ball
2-0: Ball
3-0: Called Strike
3-1: Foul Ball, location: 2F
3-2: Foul Ball, location: 2F
3-2: Base on Balls
Batting: RHB Jon Foster 0-0: Ball
1-0: Called Strike
1-1: Ball
2-1: Called Strike
2-2: Strikes out swinging
Batting: RHB Benoît Vigneault 0-0: Ball
1-0: Called Strike
1-1: Ground out 6-3 (Groundball, 6D)
Alonso Durán to third
Shannon Cline to second
Batting: LHB John Miller 0-0: Called Strike
0-1: Ball
1-1: Fly out, F8 (Flyball, 8LM)
Top of the 5th over - 0 run(s), 1 hit(s), 0 error(s), 2 left on base; Illinois 1 - Oklahoma State 2
BOTTOM OF THE 5TH
Oklahoma State Cowboys batting - Pitching for Illinois Fighting Illini : RHP Jim Dudley
Batting: LHB Bill Bryan 0-0: Called Strike
0-1: Ball
1-1: Foul Ball, location: 2F
1-2: Fly out, F9 (Flyball, 9)
Batting: RHB Augusto Padilla 0-0: Ground out 4-3 (Groundball, 4)
Batting: LHB Cristián Rodríguez 0-0: Foul Ball, location: 2F
0-1: SINGLE (Line Drive, 89M)
Batting: SHB Ernest Hood 0-0: Fly out, F7 (Flyball, 7)
Bottom of the 5th over - 0 run(s), 1 hit(s), 0 error(s), 1 left on base; Illinois 1 - Oklahoma State 2
TOP OF THE 6TH
Illinois Fighting Illini batting - Pitching for Oklahoma State Cowboys : RHP Landon Bailey
Pitching: LHP Jack Oglethorpe
Batting: RHB Jesús Vélez 0-0: SINGLE (Groundball, 34) (infield hit)
Batting: RHB Ryan Draper 0-0: Ball
1-0: Fly out, F5 (Popup, 5)
Batting: RHB Fernando Núñez 0-0: Ball
1-0: Ball
2-0: Swinging Strike
2-1: Foul Ball, location: 2F
2-2: Fielders Choice at 2nd, 1-6 (Groundball, 13)
Batting: RHB Alfonso Reyes 0-0: Ball
1-0: Called Strike
1-1: Ball
2-1: Swinging Strike
2-2: Strikes out swinging
Top of the 6th over - 0 run(s), 1 hit(s), 0 error(s), 1 left on base; Illinois 1 - Oklahoma State 2
BOTTOM OF THE 6TH
Oklahoma State Cowboys batting - Pitching for Illinois Fighting Illini : RHP Jim Dudley
Batting: LHB Horace Kramer 0-0: Called Strike
0-1: Swinging Strike
0-2: Ball
1-2: Strikes out swinging
Batting: RHB Burt Sharp 0-0: Foul Ball, location: 2F
0-1: Foul Ball, location: 2F
0-2: Ball
1-2: Ball
2-2: Ball
3-2: Foul Ball, location: 2F
3-2: Foul Ball, location: 2F
3-2: Base on Balls
Batting: RHB Larry Young 0-0: Ball
1-0: Called Strike
1-1: SINGLE (Line Drive, 56D)
Burt Sharp to second
Batting: LHB César Colón 0-0: Called Strike
Burt Sharp steals 3rd base
Larry Young to second
0-1: Ball
1-1: Ball
2-1: Ground out 4-3 (Groundball, 34)
Batting: RHB John Lynch 0-0: Foul Ball, location: 2F
0-1: Swinging Strike
0-2: Ball
1-2: Foul Ball, location: 2F
1-2: Strikes out swinging
Bottom of the 6th over - 0 run(s), 1 hit(s), 0 error(s), 2 left on base; Illinois 1 - Oklahoma State 2
TOP OF THE 7TH
Illinois Fighting Illini batting - Pitching for Oklahoma State Cowboys : LHP Jack Oglethorpe
Batting: RHB Alonso Durán 0-0: Swinging Strike
0-1: Called Strike
0-2: Ball
1-2: Fly out, F4 (Popup, 34)
Batting: SHB Shannon Cline 0-0: Ball
1-0: Called Strike
1-1: Ball
2-1: Ball
3-1: Base on Balls
Batting: RHB Jon Foster 0-0: Ball
Shannon Cline steals 2nd base
1-0: SINGLE (Line Drive, 4D)
Shannon Cline to third
Runner from 3rd tries for Home, SAFE, throw made home
Jon Foster to second
Batting: RHB Benoît Vigneault 0-0: Intentional Walk
Batting: LHB John Miller 0-0: Foul Ball, location: 2F
0-1: Ball
1-1: Foul Ball, location: 2F
1-2: Foul Ball, location: 2F
1-2: Strikes out swinging
Batting: RHB Jesús Vélez 0-0: Ball
1-0: Called Strike
1-1: Ball
2-1: Foul Ball, location: 2F
2-2: Foul Ball, location: 2F
2-2: Fly out, F9 (Line Drive, 89M)
Top of the 7th over - 1 run(s), 1 hit(s), 0 error(s), 2 left on base; Illinois 2 - Oklahoma State 2
BOTTOM OF THE 7TH
Oklahoma State Cowboys batting - Pitching for Illinois Fighting Illini : RHP Jim Dudley
Batting: LHB Bill Bryan 0-0: Ball
1-0: Ball
2-0: Called Strike
2-1: SINGLE (Line Drive, 9S)
Batting: RHB Augusto Padilla 0-0: Ball
1-0: Ball
2-0: Foul Ball, location: 2F
2-1: Swinging Strike
2-2: Fly out, F9 (Flyball, 9LS)
Pitching: LHP Alonso Medina
Pinch Hitting: SHB Steve Miner 0-0: Fly out, F7 (Flyball, 7)
Batting: SHB Ernest Hood 0-0: Foul Ball, location: 2F
0-1: Ball
1-1: Ball
2-1: Ball
3-1: Foul Ball, location: 2F
3-2: Foul Ball, location: 2F
3-2: Base on Balls
Bill Bryan to second
Batting: LHB Horace Kramer 0-0: Ball
1-0: Ball
2-0: Ball
3-0: Called Strike
3-1: Fly out, F8 (Flyball, 8RD)
Bottom of the 7th over - 0 run(s), 1 hit(s), 0 error(s), 2 left on base; Illinois 2 - Oklahoma State 2
TOP OF THE 8TH
Illinois Fighting Illini batting - Pitching for Oklahoma State Cowboys : LHP Jack Oglethorpe
Now at C: Steve Miner
Pinch Hitting: SHB Robbie Robertson 0-0: Ball
1-0: Ball
2-0: Ball
3-0: Called Strike
3-1: Called Strike
3-2: Strikes out looking
Batting: RHB Fernando Núñez 0-0: Ball
1-0: Foul Ball, location: 2F
1-1: Ball
2-1: Called Strike
2-2: Foul Ball, location: 2F
2-2: Ball
3-2: Base on Balls
Batting: RHB Alfonso Reyes 0-0: Called Strike
0-1: 2-RUN HOME RUN (Flyball, 78XD), Distance : 383 ft
Pitching: RHP Joe Bell
Batting: RHB Alonso Durán 0-0: Ball
1-0: Ball
2-0: Foul Ball, location: 2F
2-1: Ball
3-1: Foul Ball, location: 2F
3-2: Base on Balls
Batting: SHB Shannon Cline 0-0: Ball
1-0: Foul Ball, location: 2F
1-1: Ball
2-1: Ball
3-1: Called Strike
3-2: Fielders Choice at 2nd, 3-6 (Groundball, 34)
Batting: RHB Jon Foster 0-0: Foul Ball, location: 2F
0-1: Called Strike
0-2: Strikes out looking
Top of the 8th over - 2 run(s), 1 hit(s), 0 error(s), 1 left on base; Illinois 4 - Oklahoma State 2
BOTTOM OF THE 8TH
Oklahoma State Cowboys batting - Pitching for Illinois Fighting Illini : LHP Alonso Medina
Now at SS: Robbie Robertson
Batting: RHB Burt Sharp 0-0: Ball
1-0: Foul Ball, location: 2F
1-1: Ball
2-1: Ball
3-1: Ground out 4-3 (Groundball, 4)
Batting: RHB Larry Young 0-0: Fly out, F9 (Flyball, 89S)
Batting: LHB César Colón 0-0: Fly out, F5 (Line Drive, 6)
Bottom of the 8th over - 0 run(s), 0 hit(s), 0 error(s), 0 left on base; Illinois 4 - Oklahoma State 2
TOP OF THE 9TH
Illinois Fighting Illini batting - Pitching for Oklahoma State Cowboys : RHP Joe Bell
Batting: RHB Benoît Vigneault 0-0: Ball
1-0: Called Strike
1-1: Ball
2-1: Ball
3-1: Base on Balls
Batting: LHB John Miller 0-0: Foul Ball, location: 2F
0-1: Ball
1-1: Called Strike
1-2: Foul Ball, location: 2F
1-2: Fly out, F8 (Flyball, 89M)
Batting: RHB Jesús Vélez 0-0: Ball
Benoît Vigneault steals 2nd base
1-0: Intentional Walk
Batting: SHB Robbie Robertson 0-0: Called Strike
0-1: Ball
1-1: Fly out, F7 (Flyball, 7)
Batting: RHB Fernando Núñez 0-0: Called Strike
0-1: Ball
Wild Pitch!
Benoît Vigneault to third
Jesús Vélez to second
1-1: Ball
2-1: Fly out, F9 (Flyball, 9LMF)
Top of the 9th over - 0 run(s), 0 hit(s), 0 error(s), 2 left on base; Illinois 4 - Oklahoma State 2
BOTTOM OF THE 9TH
Oklahoma State Cowboys batting - Pitching for Illinois Fighting Illini : LHP Alonso Medina
Pitching: RHP Bobby Amador
Batting: RHB John Lynch 0-0: Swinging Strike
0-1: SINGLE (Groundball, 56D)
Batting: LHB Bill Bryan 0-0: Foul Ball, location: 2F
0-1: Ball
1-1: DOUBLE (Flyball, 8LD)
John Lynch to third
Batting: RHB Augusto Padilla 0-0: Ball
1-0: Swinging Strike
1-1: Ball
2-1: Fly out, F8 (Flyball, 8RS)
Batting: SHB Steve Miner 0-0: Ball
1-0: Foul Ball, location: 2F
1-1: Swinging Strike
1-2: Foul Ball, location: 2F
1-2: Ball
2-2: Ball
3-2: Base on Balls
Pinch Hitting: RHB Eugene Downing 0-0: Fly out, F4 (Popup, 4)
Batting: LHB Horace Kramer 0-0: Called Strike
0-1: Ball
1-1: Foul Ball, location: 2F
1-2: Fly out, F7 (Flyball, 78S)
Bottom of the 9th over - 0 run(s), 2 hit(s), 0 error(s), 3 left on base; Illinois 4 - Oklahoma State 2
Thursday, March 30th, 2017 - OOTP Baseball 17.12 Build 75